 Dungeon Crawl Stone Soup version 0.18-a0-1799-g6250cb2 (webtiles) character file.

480 dobroeutro the Skirmisher (level 7, -3/44 HPs)
             Began as a Gargoyle Fighter on Apr 23, 2016.
             Slain by Blork the orc
             ... wielding a +0 glaive
              (6 damage)
             ... on level 4 of the Dungeon.
             The game lasted 00:04:25 (2168 turns).

dobroeutro the Skirmisher (Gargoyle Fighter)        Turns: 2168, Time: 00:04:26

Health: -3/44      AC: 14    Str: 22    XL:     7   Next: 12%
Magic:  7/7        EV:  7    Int:  8    God:
Gold:   123        SH: 10    Dex:  9    Spells: 0 memorised, 6 levels left

rFire  . . .     SeeInvis .     A - +1 flail (crush)
rCold  . . .     Gourm    .     b - +0 scale mail
rNeg   + . .     Faith    .     c - +0 shield
rPois  ∞         Spirit   .     (no helmet)
rElec  +         Dismiss  .     (no cloak)
rCorr  .         Reflect  .     (no gloves)
SustAt .         Harm     .     u - +1 pair of boots
MR     .....                    (no amulet)
Stlth  ..........               (no ring)
                                (no ring)

@: not resistant to hostile enchantments, extremely unstealthy
A: negative energy resistance 1, electricity resistance, unbreathing,
petrification resistance, rot immunity, AC +4
a: no special abilities


You were on level 4 of the Dungeon.
You were not hungry.

You visited 1 branch of the dungeon, and saw 4 of its levels.

You collected 123 gold pieces.

Inventory:

Hand Weapons
 A - a +1 flail of crushing (weapon)
Armour
 b - a +0 scale mail (worn)
 c - a +0 shield (worn)
 u - a +1 pair of boots (worn)
Wands
 B - a wand of lightning (9/15)
Scrolls
 a - a scroll of enchant armour {unknown}
 e - 2 scrolls of remove curse
 j - 2 scrolls of magic mapping {unknown}
 l - a scroll of noise {unknown}
 m - 2 scrolls of teleportation {unknown}
 o - a scroll of fear {unknown}
 s - 4 scrolls of identify {unknown}
 x - a scroll of recharging {unknown}
 y - a scroll of blinking {unknown}
Potions
 d - 3 potions of might
 g - a potion of experience {unknown}
 h - a potion of flight {unknown}
 i - 2 potions of invisibility {unknown}
 k - 3 potions of agility {unknown}
 n - 2 potions of curing
 p - 2 potions of brilliance {unknown}
 r - a potion of cure mutation {unknown}
 v - a potion of heal wounds {unknown}
 w - a potion of degeneration {unknown}
Comestibles
 f - 3 bread rations
 q - a meat ration
 t - 2 beef jerkies
 C - a royal jelly


   Skills:
 + Level 5.2 Fighting
 + Level 4.0 Maces & Flails
 + Level 5.1 Armour
 + Level 5.1 Shields


You had 6 spell levels left.
You didn't know any spells.

Dungeon Overview and Level Annotations

Branches:
Dungeon (4/15)
 Temple: D:4-7

Altars:
Ru

Annotations:
D:4 Blork the orc


Innate Abilities, Weirdness & Mutations

You are resistant to torment.
Your stone body is resilient (AC +4).
You are immune to poison.
You resist negative energy.
You are resistant to electric shocks.
You can survive without breathing.
You are immune to petrification.
You are immune to rotting.


Message History

No target in view!
No target in view!
No target in view!
No target in view!
You barely miss something.
All of the chunks of flesh in your inventory have rotted away.
You completely miss something. Something hits you but does no damage.
You closely miss something. Something hits you but does no damage.
You closely miss something. Something hits you.
* * * LOW HITPOINT WARNING * * *
You closely miss something.
You hear some strange, mumbled words.
A puff of flame appears from out of thin air!
The puff of flame hits you!
You barely miss something. Something hits you.
* * * LOW HITPOINT WARNING * * *
You miss something. Something hits you but does no damage.
You miss something. Something hits you but does no damage.
You barely miss something. Something hits you.
You die...

##.# ##....# #.# ##.### #
#.# #.## .###.# #..#
.##..######.##
#.#.......##..#
+.####(.#.......###.#
#.(...{##.......# #.#
#.##@# #.......# #.##
#....# #.......# #...
####.###...#.### #...
#......##.# ##.##
...#######..####.####..#.
#..........# #...##..#.
########.#.# ###.....#.
#...#### #.##..#.
#......# #.###.#.


There were no monsters in sight!

Vanquished Creatures
  The ghost of Ijustatesigmund the Chucker, an amateur TrHu (D:3)
  An ogre (D:4)
  A howler monkey (D:4)
  A hound (D:4)
  2 orc wizards
  An orc priest (D:4)
  A hound skeleton (D:4)
  6 adders
  A worm (D:3)
  2 dart slugs (D:2)
  2 giant geckos
  9 orcs
  A ball python (D:3)
  A giant cockroach (D:3)
  7 goblins
  4 hobgoblins
  4 jackals
  9 kobolds
  2 quokkas
  9 bats
  2 giant newts
  6 rats
73 creatures vanquished.

Notes
Turn   | Place    | Note
--------------------------------------------------------------
     0 | D:1      | dobroeutro the Gargoyle Fighter began the quest for the Orb.
     0 | D:1      | Reached XP level 1. HP: 14/14 MP: 1/1
   181 | D:1      | Reached XP level 2. HP: 18/19 MP: 2/2
   609 | D:2      | Reached XP level 3. HP: 16/23 MP: 3/3
   976 | D:2      | Reached XP level 4. HP: 23/29 MP: 4/4
  1250 | D:3      | Reached XP level 5. HP: 8/33 MP: 5/5
  1731 | D:3      | Noticed Ijustatesigmund's ghost (amateur TrHu)
  1770 | D:3      | Killed Ijustatesigmund's ghost
  1770 | D:3      | Reached XP level 6. HP: 14/39 MP: 6/6
  1845 | D:4      | Found a sacrificial altar of Ru.
  1979 | D:4      | Reached skill level 5 in Fighting
  1979 | D:4      | Reached skill level 5 in Armour
  1979 | D:4      | Reached skill level 5 in Shields
  1979 | D:4      | Reached XP level 7. HP: 34/44 MP: 7/7
  2143 | D:4      | Noticed Blork the orc
  2168 | D:4      | Slain by Blork the orc

Vault maps used:
D:1:      dpeg_arrival_simpleton_b, grunt_decor_cap
D:3:      minmay_fountain_box, st_stairs_6, kennysheep_generic_room_14
D:4:      nicolae_ru_great_annihilating_truth,
          minmay_temple_entry_statues_pillars, minivault_25,
          minmay_misc_feat_rows, minmay_joined_circles, uniq_blork_the_orc

Skill      XL: |  1  2  3  4  5  6  7 |
---------------+----------------------+-----
Shields        | 4 5 |  5.1
Fighting       | 4 5 |  5.2
Armour         | 4 5 |  5.1
Maces & Flails | 3 4 |  4.0

Action                   |  1- 3 |  4- 6 |  7- 9 || total
-------------------------+-------+-------+-------++-------
Melee: Flail             |   158 |   174 |    44 ||   376
  Use: Scroll            |     1 |       |       ||     1
       Potion            |       |     4 |       ||     4
 Stab: Paralysed         |       |     1 |       ||     1
  Eat: Chunk             |     1 |     3 |     1 ||     5
Armor: Scale mail        |   114 |    86 |    19 ||   219
Dodge: Dodged            |    73 |    66 |     8 ||   147
Block: Shield            |   112 |   108 |    15 ||   235
